 Dungeon Sprint DCSS version 0.22-a0-354-g30dfbe6 (webtiles) character file.

31350 emperorscorpion the Phalangite (level 13, -9/128 HPs)
             Began as a Merfolk Berserker on Apr 14, 2018.
             Was a High Priest of Trog.
             Mangled by a white very ugly thing (49 damage)
             ... in the Dungeon (Sprint IX: "|||||||||||||||||||||||||||||") on Apr 16, 2018.
             The game lasted 00:18:57 (1436 turns).

emperorscorpion the Phalangite (Merfolk Berserker)  Turns: 1436, Time: 00:18:58

Health: -9/128     AC: 20    Str: 25    XL:     13   Next: 57%
Magic:  19/19      EV: 16    Int:  7    God:    Trog [*****.]
Gold:   56         SH:  0    Dex: 15    Spells: 12/12 levels left

rFire    . . .     SeeInvis .   a - +11 longbow of Truncation {speed, Str+2}
rCold    . . .     Gourm    .   (shield currently unavailable)
rNeg     . . .     Faith    .   t - +1 chain mail
rPois    +         Spirit   .   r - +0 helmet
rElec    .         Reflect  .   S - +0 cloak {rPois}
rCorr    .         Harm     .   T - +1 pair of gloves
MR       .....     NoTele   +   (no boots)
Stlth    ..........             (no amulet)
HPRegen  0.31/turn              u - +3 ring of strength
MPRegen  0.16/turn              v - +2 ring of protection

@: no status effects
A: change form in water, swift swim, stealthy swim
a: Berserk, Trog's Hand, Brothers in Arms, Renounce Religion


You were in the Dungeon.
You worshipped Trog.
Trog was extremely pleased with you.
You were not hungry.

You visited 1 branch You collected 1913 gold pieces.
You spent 1857 gold pieces at shops.

Inventory:

Hand Weapons
 a - the +11 longbow of Truncation (weapon) {speed, Str+2}
   (You bought it in a shop in the Dungeon)

   Attacks with this weapon are significantly faster.
   It affects your strength (+2).
 b - the +5 glaive of Fee Simple {chop, rF+ Int+2}
   (Trog gifted it to you in the Dungeon)

   It inflicts extra damage upon your enemies.
   It affects your intelligence (+2).
   It protects you from fire.
 k - a +0 spear
 C - the +2 halberd of Laceration {chop, rF+ Str+3 Dex+3}
   (You found it in the Dungeon)

   It inflicts extra damage upon your enemies.
   It affects your strength (+3).
   It affects your dexterity (+3).
   It protects you from fire.
 D - a +2 antimagic glaive
 E - a +4 halberd of venom
 G - a +1 antimagic bardiche
 H - a +1 bardiche of freezing
 I - a +0 shortbow
 R - the +8 arbalest of the Genius {elec, rPois rC+ MR+ Dex+4}
   (You found it in the Dungeon)

   It charges the ammunition it shoots with electricity; occasionally upon a
   hit, such missiles may discharge and cause terrible harm.
   It affects your dexterity (+4).
   It protects you from cold.
   It protects you from poison.
   It affects your resistance to hostile enchantments.
 V - a +2 antimagic demon trident
Missiles
 l - 87 arrows (quivered)
Armour
 q - a +0 animal skin
 r - a +0 helmet (worn)
 s - a +0 pair of gloves
 t - a +1 chain mail (worn)
 N - a +0 cloak
 S - a +0 cloak of poison resistance (worn)
 T - a +1 pair of gloves (worn)
Magical Staves
 p - an uncursed staff of energy
Jewellery
 u - a +3 ring of strength (left hand)
 v - a +2 ring of protection (right hand)
 O - an uncursed ring of protection from magic
 P - an uncursed ring of stealth
 Q - an uncursed ring of see invisible
Wands
 o - a wand of iceblast (7)
Scrolls
 i - 4 scrolls of blinking
 n - 4 scrolls of remove curse
 y - 4 scrolls of enchant weapon
 A - a scroll of fog
 B - 2 scrolls of fear
 U - a scroll of identify
Potions
 d - 11 potions of curing
 e - 5 potions of heal wounds
 f - a potion of haste
 g - 4 potions of magic
 h - 2 potions of berserk rage
 m - a potion of invisibility
 w - 2 potions of agility
 x - a potion of brilliance
 z - a potion of mutation
 F - a potion of ambrosia
Miscellaneous
 J - a lightning rod (inert)
 K - a fan of gales
 L - a phantom mirror
 M - a phial of floods
Comestibles
 c - 11 rations
 j - 2 chunks of flesh


   Skills:
 + Level 20.5 Fighting
 + Level 23.7 Polearms
 * Level 12.4 Bows
 + Level 10.4 Armour
 + Level 12.4 Dodging
 + Level 4.7 Stealth
 + Level 8.1 Evocations


You had 12 spell levels left.
You didn't know any spells.

Dungeon Overview and Level Annotations

Branches:
Dungeon (1/1)

Altars:
Cheibriados
Dithmenos
Elyvilon
Fedhas
Gozag
Hepliaklqana
Kikubaaqudgha
Makhleb
Nemelex Xobeh
Okawaru
Qazlal
Ru
Sif Muna
Trog
Uskayaw
Vehumet
Wu Jian
Xom
Yredelemnul
Zin
The Shining One
Beogh
Jiyva
Lugonu

Shops:
D }(*%


Message History

The thunderbolt hits the white very ugly thing.
The white very ugly thing is severely wounded.
The thunderbolt hits the queen bee.
You kill the queen bee!
Trog accepts your kill. Something appears at your feet!
Trog grants you ammunition!
The thunderbolt hits the purple very ugly thing.
The purple very ugly thing is heavily wounded.
The thunderbolt hits the cyan ugly thing.
The cyan ugly thing resists.
The cyan ugly thing is severely wounded.
The lightning rod overheats!
You hear two shouts!
The white very ugly thing bites you! The white very ugly thing freezes you!!
Unknown command.
Your deep troll goes berserk!
You feel quite a bit more hungry. The white very ugly thing bites you!
The white very ugly thing freezes you!!!
You die...

.▓.▓.▓.▓.▓.▓.▓.▓.▓,*,*,*,*,*,*,*,
.▓.▓.▓.▓'▓.▓.▓.▓.▓,*,*,*,*,*,*,*,
.▓.▓.▓.▓.▓.▓.▓.▓.▓,*,*,*,*,*+*,*,
.▓.▓.▓.▓.▓.▓.▓.▓.▓,*,*,*,*,*,*,*,
.▓.▓.▓.▓=▓.▓.▓.▓.▓,*+*,*,*,*,*,*,
(▓.▓)▓.▓.▓.▓.▓.▓.▓,*,*,*,*,*,*,*,
.▓.▓)▓.▓.▓.▓)▓.▓.▓,*,*,*,*,*,*,*,
[▓.▓)▓.▓)▓.♣†♣.▓T▓,*,*,*,*,*,*,*,
.▓.▓)▓.▓)▓.♣.♣.▓@▓,*,*,*,*,*,*,*,
.▓.▓.▓.▓)▓.♣†♣.▓u▓,*,*,*,*,*,*,*,
.▓.▓.▓.▓)▓.♣†♣.▓u▓,*,*,*,*,*,*,*,
.▓.▓.▓.▓)▓.♣.♣.▓.▓,*,*,*,*,*,*,*,
.▓.▓.▓.▓.▓.♣.♣.▓u▓,*,*,*,*,*,*,*,
†▓.▓.▓.▓)▓.♣)♣.▓.▓,*,*,*+*,*,*,*,
.▓.▓)▓.▓)▓.♣.♣.▓C▓,*,*,*,*,*,*,*,
.▓.▓.▓.▓.▓.♣.♣.▓c▓,*,*,*,*,*,*,*,
.▓.▓.▓.▓[▓.♣†♣.▓,*,*,*,*,*,*,*,*,


You could see a frost giant, 2 very ugly things, a yaktaur captain, a cyan ugly
thing and a friendly deep troll (berserk).

Vanquished Creatures
  A ghost moth (D)
  A stone giant (D)
  A merfolk javelineer (D)
  A hydra (D)
  A ghost crab (D)
  Erica (D)
  A centaur warrior (D)
  A merfolk aquamancer (D)
  A two-headed ogre (D)
  A deep troll shaman (D)
  3 orc high priests (D)
  A shock serpent (D)
  5 orc knights (D)
  A shambling mangrove (D)
  A sea snake (D)
  A wizard (D)
  A wolf spider (D)
  A necromancer (D)
  A harpy (D)
  2 cyclopes (D)
  2 ugly things (D)
  Maurice (D)
  2 black mambas (D)
  Psyche (D)
  2 spiny frogs (D)
  2 torpor snails (D)
  A rime drake (shapeshifter) (D)
  A demonic crawler (D)
  2 trolls (D)
  A queen bee (shapeshifter) (D)
  A meliai (D)
  A jumping spider (D)
  2 merfolk (D)
  3 tyrant leeches (D)
  3 hornets (D)
  2 blink frogs (D)
  2 slime creatures (D)
  2 hippogriffs (D)
  A bog body (D)
  A redback (D)
  A tarantella (D)
  A wraith (D)
  A wyvern (D)
  A yak (D)
  Eustachio (D)
  A hungry ghost (D)
  A vampire mosquito (D)
  A naga (D)
  5 water moccasins (D)
  A swamp drake (D)
  7 orc warriors (D)
  An ice beast (D)
  2 centaurs (D)
  2 wolves (D)
  2 crocodiles (D)
  4 bullfrogs (D)
  A killer bee (D)
  A crimson imp (D)
  2 orc priests (D)
  3 orc wizards (D)
  2 adders (D)
  An adder zombie (D)
  9 orcs (D)
  A bat skeleton (D)
  A giant cockroach (D)
  A kobold (D)
  A ball python skeleton (D)
  A bat (D)
  2 goblins (D)
118 creatures vanquished.

Vanquished Creatures (collateral kills)
  4 orc high priests (D)
  2 shock serpents (D)
  A skeletal warrior (D)
  6 orc knights (D)
  4 black mambas (D)
  3 tyrant leeches (D)
  A blink frog (D)
  A vampire mosquito (D)
  An orc warrior (D)
  A bullfrog (D)
24 creatures vanquished.

Grand Total: 142 creatures vanquished

Notes
Turn   | Place    | Note
-------+----------+-------------------------------------------
     0 | D        | emperorscorpion the Merfolk Berserker began the quest for the Orb.
     0 | D        | Reached XP level 1. HP: 18/18 MP: 1/1
     8 | D        | Reached skill level 5 in Polearms
    19 | D        | Reached ** piety under Trog
    38 | D        | Noticed a centaur
    48 | D        | Reached XP level 2. HP: 20/26 MP: 2/2
    51 | D        | Reached *** piety under Trog
    55 | D        | Reached skill level 6 in Polearms
    61 | D        | Killed a centaur
    61 | D        | Reached skill level 9 in Polearms
    61 | D        | Reached XP level 3. HP: 25/35 MP: 3/3
    61 | D        | Reached XP level 4. HP: 30/41 MP: 4/4
    66 | D        | Found a roughly hewn altar of Beogh.
    66 | D        | Found a snail-covered altar of Cheibriados.
    66 | D        | Found a shadowy altar of Dithmenos.
    66 | D        | Found a white marble altar of Elyvilon.
    66 | D        | Found a blossoming altar of Fedhas.
    66 | D        | Found an opulent altar of Gozag.
    67 | D        | Found a hazy altar of Hepliaklqana.
    68 | D        | Found a viscous altar of Jiyva.
    69 | D        | Found an ancient bone altar of Kikubaaqudgha.
    70 | D        | Found a corrupted altar of Lugonu.
    71 | D        | Found a burning altar of Makhleb.
    72 | D        | Found a sparkling altar of Nemelex Xobeh.
    73 | D        | Found an iron altar of Okawaru.
    74 | D        | Found a stormy altar of Qazlal.
    75 | D        | Found a sacrificial altar of Ru.
    76 | D        | Found a deep blue altar of Sif Muna.
    77 | D        | Found a bloodstained altar of Trog.
    78 | D        | Found a hide-covered altar of Uskayaw.
    79 | D        | Found a radiant altar of Vehumet.
    80 | D        | Found an ornate altar of the Wu Jian Council.
    81 | D        | Found a shimmering altar of Xom.
    82 | D        | Found a basalt altar of Yredelemnul.
    83 | D        | Found a glowing silver altar of Zin.
    84 | D        | Found a glowing golden altar of the Shining One.
   102 | D        | Got the +2 halberd of Laceration {chop, rF+ Str+3 Dex+3}
   137 | D        | Noticed an ice beast
   137 | D        | Noticed a centaur
   143 | D        | Reached **** piety under Trog
   143 | D        | Reached skill level 10 in Polearms
   143 | D        | Reached skill level 5 in Dodging
   143 | D        | Reached XP level 5. HP: 48/48 MP: 5/5
   146 | D        | Killed an ice beast
   146 | D        | Reached skill level 12 in Polearms
   146 | D        | Reached skill level 1 in Stealth
   146 | D        | Reached XP level 6. HP: 56/56 MP: 6/6
   151 | D        | Reached ***** piety under Trog
   151 | D        | Reached skill level 13 in Polearms
   161 | D        | Noticed a wyvern
   161 | D        | Noticed a skeletal warrior
   161 | D        | Noticed a troll
   161 | D        | Noticed a yak
   161 | D        | Noticed a hippogriff
   163 | D        | Killed a wyvern
   163 | D        | Reached skill level 14 in Polearms
   163 | D        | Reached XP level 7. HP: 57/64 MP: 7/7
   170 | D        | Killed a skeletal warrior
   170 | D        | Reached skill level 10 in Fighting
   170 | D        | Reached skill level 15 in Polearms
   174 | D        | Killed a troll
   174 | D        | Reached skill level 16 in Polearms
   174 | D        | Reached XP level 8. HP: 61/74 MP: 8/8
   176 | D        | Killed a yak
   178 | D        | Killed a hippogriff
   178 | D        | Reached skill level 17 in Polearms
   296 | D        | Noticed a spiny frog
   297 | D        | Noticed a blink frog
   308 | D        | Noticed a black mamba
   316 | D        | Killed a spiny frog
   316 | D        | Reached skill level 10 in Dodging
   316 | D        | Reached XP level 9. HP: 78/84 MP: 9/9
   331 | D        | Killed a black mamba
   331 | D        | Received a gift from Trog
   337 | D        | Got a twisted glaive {god gift}
   339 | D        | Reached skill level 5 in Armour
   340 | D        | Identified the +5 glaive of Fee Simple {chop, rF+ Int+2} (Trog gifted it to you in the Dungeon)
   356 | D        | Noticed a spiny frog
   369 | D        | Reached skill level 18 in Polearms
   378 | D        | Killed a spiny frog
   378 | D        | Reached skill level 15 in Fighting
   378 | D        | Reached XP level 10. HP: 50/96 MP: 10/10
   379 | D        | Reached ****** piety under Trog
   399 | D        | Received a gift from Trog
   405 | D        | Reached skill level 19 in Polearms
   457 | D        | Noticed Erica
   464 | D        | Killed Erica
   464 | D        | Received a gift from Trog
   464 | D        | Reached skill level 20 in Polearms
   485 | D        | Noticed Psyche
   489 | D        | Killed Psyche
   540 | D        | Noticed an orc knight
   554 | D        | Killed an orc knight
   572 | D        | Received a gift from Trog
   598 | D        | Noticed an orc knight
   598 | D        | Noticed an orc knight
   603 | D        | Noticed an orc knight
   606 | D        | Killed an orc knight
   606 | D        | Reached XP level 11. HP: 81/106 MP: 4/11
   616 | D        | Killed an orc knight
   625 | D        | Killed an orc knight
   628 | D        | Received a gift from Trog
   644 | D        | Noticed an orc knight
   657 | D        | Killed an orc knight
   660 | D        | Reached skill level 21 in Polearms
   689 | D        | Found Oweopteg's Gadget Emporium.
   689 | D        | Noticed an orc knight
   689 | D        | Noticed an orc knight
   689 | D        | Noticed an orc knight
   689 | D        | Noticed an orc knight
   689 | D        | Noticed an orc high priest
   700 | D        | Killed an orc knight
   702 | D        | Noticed an orc knight
   704 | D        | Killed an orc knight
   707 | D        | Killed an orc knight
   711 | D        | Killed an orc knight
   716 | D        | Killed an orc high priest
   724 | D        | Killed an orc knight
   738 | D        | Noticed an orc high priest
   739 | D        | Upgraded the game from 0.22-a0-352-gc608dd7 to 0.22-a0-354-g30dfbe6
   745 | D        | Noticed an orc high priest
   750 | D        | Killed an orc high priest
   751 | D        | Killed an orc high priest
   751 | D        | Reached skill level 22 in Polearms
   751 | D        | Reached skill level 1 in Bows
   757 | D        | Found Luoma's Weapon Shoppe.
   761 | D        | Found Detusu's Assorted Antiques.
   765 | D        | Found Oxokkuta's Food Shoppe.
   767 | D        | Noticed an orc knight
   769 | D        | Noticed an orc high priest
   773 | D        | Noticed an orc high priest
   776 | D        | Noticed a sixfirhy
   776 | D        | Killed an orc knight
   776 | D        | Received a gift from Trog
   778 | D        | Noticed a soul eater
   778 | D        | Killed an orc high priest
   785 | D        | Noticed an orc high priest
   789 | D        | Killed an orc high priest
   789 | D        | Reached skill level 1 in Evocations
   796 | D        | Killed an orc high priest
   799 | D        | Noticed an orc high priest
   804 | D        | Bought a scroll labeled RACSUU JU UGGE for 18 gold pieces
   804 | D        | Bought a scroll labeled USIH IREWUJA for 18 gold pieces
   814 | D        | Killed an orc high priest
   824 | D        | Bought a transparent longbow for 171 gold pieces
   828 | D        | Bought a lightning rod (4/4) for 440 gold pieces
   828 | D        | Bought a fan of gales for 440 gold pieces
   828 | D        | Bought a phantom mirror for 330 gold pieces
   828 | D        | Bought a phial of floods for 440 gold pieces
   838 | D        | Identified the +11 longbow of Truncation {speed, Str+2} (You bought it in a shop in the Dungeon)
   872 | D        | Noticed Eustachio
   886 | D        | Killed Eustachio
   886 | D        | Reached XP level 12. HP: 117/117 MP: 12/12
   907 | D        | Noticed Maurice
   920 | D        | Killed Maurice
   981 | D        | Got the +8 arbalest of the Genius {elec, rPois rC+ MR+ Dex+4}
  1034 | D        | Noticed a centaur warrior
  1034 | D        | Noticed a two-headed ogre
  1037 | D        | Received a gift from Trog
  1038 | D        | Killed a centaur warrior
  1043 | D        | Noticed a deep troll shaman
  1044 | D        | Reached skill level 23 in Polearms
  1045 | D        | Killed a two-headed ogre
  1045 | D        | Reached skill level 5 in Bows
  1046 | D        | Noticed a stone giant
  1049 | D        | Killed a deep troll shaman
  1049 | D        | Received a gift from Trog
  1053 | D        | Killed a stone giant
  1183 | D        | Noticed a five-headed hydra
  1187 | D        | Killed a five-headed hydra
  1187 | D        | Reached skill level 10 in Armour
  1187 | D        | Received a gift from Trog
  1188 | D        | Reached skill level 5 in Evocations
  1191 | D        | Noticed a ghost crab
  1194 | D        | Received a gift from Trog
  1200 | D        | Killed a ghost crab
  1200 | D        | Reached XP level 13. HP: 110/127 MP: 17/17
  1224 | D        | Received a gift from Trog
  1226 | D        | Received a gift from Trog
  1262 | D        | Noticed a merfolk javelineer
  1266 | D        | Received a gift from Trog
  1266 | D        | Received a gift from Trog
  1266 | D        | Reached skill level 10 in Bows
  1266 | D        | Killed a merfolk javelineer
  1304 | D        | Received a gift from Trog
  1315 | D        | Killed a ghost moth
  1431 | D        | Noticed a white very ugly thing
  1431 | D        | Noticed a white very ugly thing
  1431 | D        | Noticed a frost giant
  1431 | D        | Noticed a yaktaur captain
  1435 | D        | Received a gift from Trog
  1436 | D        | Mangled by a white very ugly thing

Vault maps used:
D:        linesprint

Skill      XL: |  1  2  3  4  5  6  7  8  9 10 11 12 13 |
---------------+----------------------------------------+-----
Polearms       | 5 9 10 12 14 16 17 18 20 22 23 | 23.7
Dodging        | 3 4 5 6 7 8 10 11 12 | 12.4
Fighting       | 4 6 7 8 9 10 12 15 16 18 20 | 20.5
Armour         | 2 3 4 5 7 9 10 | 10.4
Stealth        | 1 2 3 4 |  4.7
Bows           | 2 8 12 | 12.4
Evocations     | 1 5 8 |  8.1

Action                   |  1- 3 |  4- 6 |  7- 9 | 10-12 | 13-15 || total
-------------------------+-------+-------+-------+-------+-------++-------
Melee: Spear             |    42 |       |       |       |       ||    42
       Halberd           |       |    13 |    48 |       |       ||    61
       Glaive            |       |       |    27 |   117 |     7 ||   151
 Fire: Longbow           |       |       |       |    35 |    24 ||    59
       Shortbow          |       |       |       |     7 |       ||     7
Invok: Trog's Hand       |     1 |     2 |     1 |    10 |     5 ||    19
       Berserk           |     1 |     1 |       |       |       ||     2
       Brothers in Arms  |       |     1 |     1 |     9 |     2 ||    13
Evoke: Wand              |       |       |       |     3 |       ||     3
       Lightning rod     |       |       |       |    18 |    16 ||    34
  Use: Scroll            |       |       |       |     2 |       ||     2
  Eat: Chunk             |       |       |     2 |    11 |     3 ||    16
Armor: Animal skin       |     6 |       |       |       |       ||     6
       Chain mail        |       |     4 |    19 |    16 |    32 ||    71
Dodge: Dodged            |    26 |     6 |    42 |    30 |    31 ||   135

Table legend:
 A = Spawn XP
 B = Non-spawn XP
 C = Spawn XP percentage of total XP
 D = Spawn monster count
 E = Non-spawn monster count
 F = Spawn count percentage of total count
 G = Total turns spent on level
                    A         B        C        D         E        F      G
               +---------+---------+-------+---------+---------+-------+---------
         Total |       0 |   44787 |   0.0 |       0 |     142 |   0.0 |  1436
               +---------+---------+-------+---------+---------+-------+---------
             D |       0 |   44787 |   0.0 |       0 |     142 |   0.0 |  1436
               +---------+---------+-------+---------+---------+-------+---------
